 Dungeon Crawl Stone Soup version 0.28.0-43-g3370ac3207 (webtiles) character file.

Game seed: 12902392975101343691

18 Pinkishskies the Magician (level 2, -2/21 HPs)
             Began as a Djinni Fire Elementalist on Mar 22, 2022.
             Frozen to death by an endoplasm (4 damage)
             ... on level 1 of the Dungeon.
             The game lasted 00:01:29 (1118 turns).

Pinkishskies the Magician (DjFE)                    Turns: 1118, Time: 00:01:29

Health: -2/21      AC:  3    Str:  7    XL:     2   Next: 85%
Gold:   14         EV: 11    Int: 16    God:
                   SH:  0    Dex: 13

rFire   + + .      SeeInvis .   (no weapon)
rCold   x . .      Faith    .   (no shield)
rNeg    . . .      Spirit   .   c - +0 leather armour
rPois   ∞          Reflect  .   (no helmet)
rElec   .          Harm     .   (no cloak)
rCorr   .          Rampage  .   (no gloves)
Will    .....                   (boots unavailable)
Stlth   ++........              (no amulet)
HPRegen 0.07/turn               (no ring)
MPRegen 0.00/turn               (no ring)

@: flying
A: sickness immunity, fire resistance 2, cold vulnerability 1, float, innate
caster, HP casting, extra vitality 1
a: no special abilities


You were on level 1 of the Dungeon.
You visited 1 branch of the dungeon, and saw 2 of its levels.

You collected 14 gold pieces.

Inventory:

Armour
 a - a +0 robe
 c - a +0 leather armour (worn)
Jewellery
 b - a +4 ring of evasion
Scrolls
 d - a scroll of amnesia {unknown}
 e - a scroll of identify {unknown}


   Skills:
 + Level 0.5 Armour
 + Level 2.3 Dodging
 + Level 1.7 Stealth
 + Level 2.8 Spellcasting


You couldn't memorise any spells.
You knew the following spells:

 Your Spells              Type           Power      Damage    Failure   Level
a - Foxfire               Conj/Fire      44%        2x1d6     9%          1
b - Scorch                Fire           22%        2d6       13%         2
c - Conjure Flame         Conj/Fire      11%        6-21      26%         3
d - Inner Flame           Hex/Fire       11%        N/A       26%         3
e - Flame Wave            Conj/Fire      11%        2d5       63%         4
Your spell library was empty.

Dungeon Overview and Level Annotations

Branches:
Dungeon (2/15)

Altars:


Innate Abilities, Weirdness & Mutations

You are immune to sickness and miasma.
You are immune to poison.
Your flesh is very heat resistant. (rF++)
You are vulnerable to cold. (rC-)
You float through the air rather than walking.
You learn spells naturally, not from books.
Your magical power is your life essence.
You have superior vitality. (+4 MHP)


Message History

Your foxfire dissipates!
Found a scroll labelled YKKOPA SUNAM.
The foxfire hits the giant cockroach but does no damage.
You conjure some foxfire!
The rat barely misses you. The giant cockroach bites you. The quokka bites you.
Your foxfire dissipates!
A goblin comes into view. It is wielding a +0 dagger.
Found a mace and 2 gold pieces.
The foxfire hits the quokka.
The quokka is severely wounded.
The giant cockroach bites you but does no damage.
Found a hunting sling.
The rat bites you. The giant cockroach bites you.
* * * LOW HITPOINT WARNING * * *
The endoplasm jiggles.
Found a stone staircase leading up.
Found a scroll labelled QOJACIGR XOMN.
The giant cockroach misses you. The giant cockroach barely misses you.
You see here 2 gold pieces.
The quokka twitches its whiskers.
There is a stone staircase leading up here.
The giant cockroach misses you. The goblin hits you with a +0 dagger.
* * * LOW HITPOINT WARNING * * *
The giant cockroach bites you but does no damage.
You fly upwards.
There is a stone staircase leading down here.
You are too injured to fight recklessly!
You are too injured to fight recklessly!
Casting: Foxfire (safe; 9% risk of failure)
Confirm with . or Enter, or press ? or * to list all spells.
You conjure some foxfire!
* * * LOW HITPOINT WARNING * * *
The endoplasm misses you. The giant cockroach closely misses you.
The goblin barely misses you.
Unknown command.
Your foxfire dissipates!
The foxfire hits the goblin.
You kill the goblin!
The endoplasm freezes you.
You are frozen.
You feel a terrible chill!
You die...

#.##.## #################
#.#....
#...........#...#######.#.##.
#...........#...+............
..........#...#.####.....#.
.........##..#.#.†....#.#.
####.......##..#.#........#.
#..........##..#.#......###.
####..........@.)..............
#........#.....JB..........####
#........#.......>...........
#........###...............##.
#........# #...............#
#........###...............#
#...÷..................#####
#.....#.....########.....
#.....#.....# #####


You could see an endoplasm and a giant cockroach.

Vanquished Creatures
  A dart slug (D:1)
  A bat (D:1)
  3 quokkas (D:1)
  3 ball pythons (D:1)
  5 frilled lizards (D:1)
  2 goblins (D:1)
  A kobold (D:1)
  3 rats (D:1)
19 creatures vanquished.

Vanquished Creatures (others)
  88 foxfires
88 creatures vanquished.

Grand Total: 107 creatures vanquished

Notes
Turn   | Place    | Note
-------+----------+-------------------------------------------
     0 | D:1      | Pinkishskies the Djinni Fire Elementalist began the quest
                  | for the Orb.
     0 | D:1      | Reached XP level 1. HP: 15/15 MP: 0/0
   552 | D:1      | Reached XP level 2. HP: 17/21 MP: 0/0
  1093 | D:1      | You are sucked into a shaft and drop 1 floor!
  1118 | D:1      | Frozen to death by an endoplasm

Illustrated notes

Levels and vault maps discovered:
D:1:      onia_arrival_mini_maze, layout_basic, minmay_lizard_pond
D:2:      layout_rooms, serial_shops, nicolae_shop_hallway_stairs, st_stairs_2,
          kennysheep_generic_room_7

Action                   || total
-------------------------++-------
 Cast: Foxfire           ||    52
Armor: Leather armour    ||     2
Dodge: Dodged            ||     7
